 Dungeon Crawl Stone Soup version 0.27.0-1-g7a089689b8 (webtiles) character file.

Game seed: 13049857278198967261

27 robertstho the Magician (level 3, 0/26 HPs)
             Began as a Djinni Fire Elementalist on Aug 11, 2021.
             Slain by a hobgoblin (2 damage)
             ... on level 2 of the Dungeon.
             The game lasted 00:01:33 (1762 turns).

robertstho the Magician (Djinni Fire Elementalist)  Turns: 1762, Time: 00:01:34

Health: 0/26       AC:  2    Str:  7    XL:     3   Next: 25%
Gold:   5          EV: 12    Int: 17    God:
                   SH:  0    Dex: 13

rFire    + + .     SeeInvis .   (no weapon)
rCold    x . .     Faith    .   (no shield)
rNeg     . . .     Spirit   .   a - +0 robe
rPois    ∞         Reflect  .   (no helmet)
rElec    .         Harm     .   (no cloak)
rCorr    .         Rampage  .   (no gloves)
Will     .....                  (boots unavailable)
Stlth    ++........             (no amulet)
HPRegen  0.08/turn              (no ring)
MPRegen  0.00/turn              (no ring)

@: flying
A: sickness immunity, fire resistance 2, cold vulnerability 1, float, innate
caster, hp casting, extra vitality 1
a: no special abilities


You were on level 2 of the Dungeon.
You visited 1 branch of the dungeon, and saw 2 of its levels.

You collected 5 gold pieces.

Inventory:

Armour
 a - a +0 robe (worn)


   Skills:
 * Level 0.5 Fighting
 + Level 2.3 Dodging
 + Level 1.5 Stealth
 * Level 3.1 Spellcasting


You couldn't memorise any spells.
You knew the following spells:

 Your Spells              Type           Power      Damage    Failure   Level
a - Foxfire               Conj/Fire      52%        2x1d6     4%          1
b - Conjure Flame         Conj/Fire      13%        6-21      14%         3
c - Inner Flame           Hex/Fire       13%        N/A       14%         3
d - Sticky Flame          Conj/Fire      13%        2d4       43%         4
e - Fireball              Conj/Fire      6%         3d5       78%         5
f - Sandblast             Erth           26%        2d8       4%          1
Your spell library was empty.

Dungeon Overview and Level Annotations

Branches:
Dungeon (2/15)

Altars:

Annotations:
D:2 Natasha


Innate Abilities, Weirdness & Mutations

You are immune to sickness and miasma.
You are immune to poison.
Your flesh is very heat resistant. (rF++)
You are vulnerable to cold. (rC-)
You float through the air rather than walking.
You learn spells naturally, not from books.
Your magical power is your life essence.
You have superior vitality. (+4 HP)


Message History

Your foxfire dissipates!
Natasha mumbles some strange words.
Casting: Foxfire (safe; 4% risk of failure)
Press: ? - help, Q - select action, (/) - cycle Dir - look around, f - activate You conjure some foxfire!
* * * LOW HITPOINT WARNING * * *
The giant cockroach bites you but does no damage.
The giant cockroach closely misses you.
Casting: Foxfire (safe; 4% risk of failure)
Press: ? - help, Q - select action, (/) - cycle Dir - look around, f - activate You conjure some foxfire!
* * * LOW HITPOINT WARNING * * *
The foxfire hits the giant cockroach.
The giant cockroach is almost dead.
The foxfire hits the giant cockroach.
You kill the giant cockroach!
The foxfire hits Natasha.
Natasha is lightly wounded.
The foxfire hits Natasha but does no damage.
Natasha is lightly wounded.
Natasha stares at you and mumbles some strange words.
The magic dart hits you.
* * * LOW HITPOINT WARNING * * *
You aren't carrying any potions.
Okay, then.
You aren't carrying any items that you can evoke.
Unknown command.
As you read the scroll labelled COARED JEGUHUCH, it crumbles to dust.
You feel strangely unstable.
It was a scroll of teleportation.
Natasha closely misses you.
Your surroundings suddenly seem different.
A hobgoblin comes into view.
You reach down and open the door.
A goblin comes into view. It is wielding a +0 dagger.
The goblin shouts!
As you read the scroll labelled USUEMU FIOSHEGH, it crumbles to dust.
It is a scroll of identify.
You don't have any unidentified items.
The hobgoblin hits you.
You die...

### ..# #.# #.# +#
#.# ... ##.# ....
###..### .....
####...@..##......
......gg...'......
####....#.##......
#.#..#.# .....
#.##.#.# .... #
#.#g# ... #.#.# +#
#.##.#.# #......#


You could see a hobgoblin and a goblin.

Vanquished Creatures
  2 ball pythons
  2 endoplasms (D:1)
  2 giant cockroaches
  2 goblins (D:1)
  2 hobgoblins (D:2)
  4 jackals (D:1)
  A quokka (D:1)
  2 bats (D:1)
  3 kobolds
  A rat (D:1)
  A spectral goblin (D:1)
22 creatures vanquished.

Vanquished Creatures (others)
  84 foxfires
84 creatures vanquished.

Grand Total: 106 creatures vanquished

Notes
Turn   | Place    | Note
-------+----------+-------------------------------------------
     0 | D:1      | robertstho the Djinni Fire Elementalist began the quest for
                  | the Orb.
     0 | D:1      | Reached XP level 1. HP: 15/15 MP: 0/0
   304 | D:1      | Reached XP level 2. HP: 12/21 MP: 0/0
  1003 | D:1      | Found a faded altar of an unknown god.
  1475 | D:1      | Reached skill level 3 in Spellcasting
  1485 | D:1      | Reached XP level 3. HP: 25/26 MP: 0/0
  1485 | D:1      | Learned a level 1 spell: Sandblast
  1732 | D:2      | Noticed Natasha
  1742 | D:2      | HP: 1/26 [Natasha/magic dart (5)]
  1762 | D:2      | Slain by a hobgoblin

Illustrated notes

Levels and vault maps discovered:
D:1:      dpeg_arrival_round_c, layout_loops_ring,
          dreamdust_ecumenical_altar_drowned_temple, grunt_decor_mini_mirrors
D:2:      layout_loops_corners, uniq_natasha, uniq_crazy_yiuf_cottage

Skill      XL: |  1  2 |
---------------+-------+-----
Spellcasting   | 3 |  3.1
Fighting       | |  0.5
Dodging        | |  2.3
Stealth        | |  1.5

Action                   || total
-------------------------++-------
 Cast: Foxfire           ||    53
  Use: Scroll            ||     2
Armor: Robe              ||     6
Dodge: Dodged            ||    15
